AoeStats
← Morris=w=

Black Forest

508490011Analyzed
4v4 RM · 10d ago on Sep 22, 2026· 45m 24s· 8 players
Game mode
Random Map
Map size
Large (8 player)
Population
200
Speed
Normal
Resources
Standard
Victory
Conquest
Starting age
Dark Age
Ending age
Imperial Age
RankedLock teamsTeams togetherTeam positionsShared explorationLock speedFull tech treeHidden civsTurbo modeCheats
Victory
Defeat
🇬🇧 Danes · United Kingdom
1588
+14
🇮🇳 Saxons · India
1532
+16
🇮🇳 Dravidians · India
1480
+18
🇮🇳 Varangians · India
1394
+21
🇭🇰 Persians · Hong Kong SAR China
1603
-20
🇭🇺 Mongols · Hungary
1520
-17
🇺🇸 Danes · United States
1502
-16
🇮🇳 Bengalis · India
1501
-16
Frankie Fast Hands
13:02 Feudal Age
17:00 Castle Age
15:48 Double-Bit Axe
16:57 Fishing Lines
18:53 Bow Saw
19:26 Gillnets
19:39 Loom
24:13 Horse Collar
29:14 Imperial Age
27:24 Wheelbarrow
28:01 Gold Mining
28:36 Scale Mail Armor
28:47 Forging
28:59 Squires
29:16 Heavy Plow
29:24 Onager
30:34 Chain Mail Armor
30:54 Iron Casting
31:01 Conscription
30:56 Elite Varangian Guard
32:46 Plate Mail Armor
32:41 Siege Engineers
33:54 Blast Furnace
34:15 Siege Onager
34:35 Pikeman
37:49 Fletching
38:49 Halberdier
39:22 Capped Ram
41:17 Elite Jomsviking
42:13 Bodkin Arrow
44:57 Hamask
46:20 Coinage
45:55 Bracer
Emperor2698
3:05 Loom
12:21 Feudal Age
16:23 Castle Age
14:45 Fishing Lines
16:20 Double-Bit Axe
18:01 Bow Saw
24:32 Wheelbarrow
24:25 Gold Mining
24:27 Stone Mining
25:51 Scale Barding Armor
26:37 Forging
27:44 Hand Cart
28:06 Stone Shaft Mining
28:04 Gillnets
29:16 Chain Barding Armor
30:10 Iron Casting
29:25 Horse Collar
30:24 Bloodlines
30:14 Husbandry
34:54 Imperial Age
33:05 Heavy Plow
34:06 Fletching
34:57 Elite Jarl
35:58 Conscription
35:34 Bodkin Arrow
36:42 Blast Furnace
39:01 Plate Barding Armor
AP
0:36 Loom
12:35 Feudal Age
16:13 Castle Age
14:36 Double-Bit Axe
14:36 Horse Collar
16:33 Wheelbarrow
21:21 Bow Saw
28:47 Imperial Age
26:22 Fletching
28:27 Bodkin Arrow
31:51 Padded Archer Armor
34:48 Ballistics
35:10 Conscription
36:51 Thumb Ring
37:22 Hand Cart
39:07 Town Watch
42:14 Gold Mining
42:15 Stone Mining
42:52 Wootz Steel
42:12 Elite Skirmisher
42:56 Scale Mail Armor
43:06 Forging
42:56 Bracer
43:12 Leather Archer Armor
42:54 Pikeman
43:35 Squires
43:20 Arson
43:52 Chain Mail Armor
43:50 Halberdier
Sanskari Ladka
12:05 Feudal Age
17:53 Castle Age
15:55 Fishing Lines
16:04 Double-Bit Axe
18:17 Loom
19:07 Wheelbarrow
22:33 Bow Saw
22:26 Gillnets
29:31 Imperial Age
29:03 Hand Cart
28:58 Scale Mail Armor
29:08 Forging
29:46 Gambesons
30:02 Squires
29:48 Arson
30:20 Chain Mail Armor
29:50 Elite Varangian Guard
31:07 Iron Casting
29:54 Capped Ram
30:58 Gold Mining
30:58 Stone Mining
30:46 Shield Wall
31:46 Conscription
32:11 Horse Collar
32:06 Siege Ram
37:20 Guard Tower
38:31 Chemistry
37:52 Ballistics
37:17 Arrowslits
37:39 Siege Engineers
40:33 Plate Mail Armor
39:53 Fletching
40:47 Keep
42:41 Bodkin Arrow
42:30 Treadmill Crane
43:01 Masonry
43:04 Fortified Wall
42:52 Murder Holes
Morris=w=
11:14 Feudal Age
15:29 Castle Age
13:41 Double-Bit Axe
14:10 Fishing Lines
17:25 Bow Saw
19:54 Gillnets
22:51 Horse Collar
23:04 Gold Mining
23:52 Stone Mining
25:29 Stone Shaft Mining
25:01 Heavy Plow
26:00 Wheelbarrow
29:06 Imperial Age
26:22 Loom
27:00 Scale Barding Armor
27:38 Hand Cart
28:00 Chain Barding Armor
28:56 Gold Shaft Mining
28:30 Town Watch
29:03 Forging
28:46 Elite War Elephant
29:51 Conscription
30:29 Plate Barding Armor
30:38 Coinage
32:08 Crop Rotation
32:41 Two-Man Saw
32:18 Iron Casting
32:15 Banking
34:33 Husbandry
34:43 Bloodlines
35:40 Blast Furnace
36:47 Fletching
38:14 Bodkin Arrow
38:42 Ballistics
40:58 Caravan
Bl++d
0:42 Loom
9:55 Feudal Age
16:12 Castle Age
14:48 Double-Bit Axe
15:27 Fishing Lines
16:21 Town Watch
17:11 Bow Saw
18:32 Gillnets
20:12 Fletching
21:10 Bodkin Arrow
23:18 Ballistics
29:08 Padded Archer Armor
35:31 Imperial Age
34:41 Leather Archer Armor
35:47 Nomads
36:18 Bracer
36:16 Gold Mining
37:14 Elite Mangudai
38:15 Conscription
37:59 Husbandry
38:09 Bloodlines
38:27 Parthian Tactics
38:08 Thumb Ring
37:37 Capped Ram
40:54 Chemistry
41:13 Drill
40:51 Siege Ram
KaLong
1:59 Loom
14:32 Feudal Age
18:52 Castle Age
16:55 Fishing Lines
18:37 Double-Bit Axe
18:33 Horse Collar
20:19 Bow Saw
20:59 Wheelbarrow
22:22 Heavy Plow
23:44 Heavy Plow
24:30 Gillnets
26:38 Hand Cart
27:20 Gold Mining
27:21 Stone Mining
28:55 Gold Shaft Mining
28:21 Town Watch
32:07 Imperial Age
30:47 Squires
30:33 Arson
30:59 Forging
30:49 Scale Mail Armor
32:09 Stone Shaft Mining
32:38 Masonry
33:14 Iron Casting
32:54 Chain Mail Armor
32:09 Onager
32:28 Capped Ram
33:20 Elite Varangian Guard
35:04 Blast Furnace
34:23 Hamask
36:15 Plate Mail Armor
36:46 Siege Onager
The Sage
1:20 Loom
11:18 Feudal Age
12:41 Town Watch
17:06 Castle Age
15:21 Horse Collar
15:34 Double-Bit Axe
16:09 Fishing Lines
27:08 Gillnets
31:19 Imperial Age
29:25 Wheelbarrow
30:11 Fortified Wall
30:22 Fletching
30:32 Padded Archer Armor
30:47 Masonry
31:40 Bodkin Arrow
32:01 Leather Archer Armor
32:07 Elite Elephant Archer
32:50 Husbandry
33:08 Hand Cart
34:55 Paiks
35:16 Conscription
34:47 Horse Collar
35:23 Bracer
35:47 Ballistics
36:54 Ring Archer Armor
37:25 Chemistry
36:56 Architecture
38:08 Conscription
Connection lost

Rejoining the realm…

Still unreachable

The connection could not be restored.

Session expired

The server has moved on; the page needs a fresh start.